Map: Moonlight Madness LE (Void)

Players

SticklerMac - Winner!

  • Race: Zerg Zerg
  • League: Bronze

Kondr

  • Race: Terran Terran
  • League: Bronze

VOD

Have the link to the VOD?

Description

Time

  • Played on: Aug. 10, 2015, 8:01 p.m.
  • Length: 17:44
Show
View Real Time Build Order
Export as new Build Order

SticklerMac Zerg - Winner!

Build Orders: Pool First, Zergling Baneling 

Get SALT Encoding   

  12  0:01  Drone  
  13  0:08  Drone  
  14  0:20  Overlord  
  14  0:38  Drone, Spawning Pool  
  14  0:45  Drone  
  14  0:46  Drone  
  14  0:49  Extractor  
  15  0:51  Drone  
  16  1:00  Drone  
  17  1:20  Hatchery  
  16  1:27  Drone x2  
  18  1:38  Queen  
  20  2:00  Drone x2  
  22  2:11  Metabolic Boost  
  22  2:23  Overlord x2  
  22  2:33  Queen  
  24  2:42  Zergling x2  
  25  2:45  Hatchery  
  24  2:53  Drone x2  
  24  2:54  Drone  
  24  2:56  Zergling x2  
  28  3:00  Zergling x2  
  29  3:07  Baneling Nest  
  29  3:09  Zergling x2  
  29  3:12  Drone  
  30  3:20  Zergling x2  
  30  3:21  Zergling x2  
  30  3:24  Overlord  
  32  3:28  Drone  
  32  3:30  Drone  
  34  3:41  Queen  
  34  3:44  Drone x2  
  34  3:46  Drone  
  39  3:49  Zergling x2  
  39  3:53  Zergling x2  
  39  3:54  Zergling x2  
  42  4:01  Queen  
  40  4:34  Baneling  
  40  4:35  Baneling x7  
  40  4:36  Baneling  
  40  4:37  Zergling x4  
  42  4:38  Overlord x2  
  42  4:39  Overlord  
  42  4:47  Overlord x2  
  42  4:54  Overlord  
  42  4:55  Overlord x2  
  42  4:56  Overlord  
  41  5:04  Zergling x4  
  41  5:05  Zergling x4  
  39  5:13  Zergling x6  
  39  5:14  Zergling x2  
  43  5:19  Zergling x2  
  43  5:20  Zergling x4  
  46  5:27  Zergling x6  
  47  5:33  Zergling x6  
  49  5:42  Zergling x8  
  50  5:43  Zergling x2  
  46  5:52  Zergling x2  
  46  5:53  Zergling x6  
  43  6:05  Zergling x4  
  43  6:07  Zergling x6  
  43  6:08  Zergling x6  
  51  6:12  Baneling  
  51  6:14  Baneling  
  50  6:19  Zergling x4  
  50  6:20  Zergling x2  
  51  6:28  Zergling x6  
  51  6:29  Zergling x4  
  52  6:33  Zergling x4  
  52  6:35  Zergling x2  
  52  6:37  Zergling x2  
  51  6:40  Zergling x2  
  51  6:45  Zergling x4  
  54  6:53  Zergling x2  
  55  7:00  Zergling x8  
  59  7:13  Zergling x2  
  59  7:14  Zergling x14  
  67  7:16  Zergling x2  
  68  7:23  Zergling x2  
  68  7:24  Zergling x2  
  68  7:27  Zergling x2  
  71  7:30  Zergling x4  
  71  7:35  Overlord x2  
  73  7:44  Overlord x2  
  73  7:52  Baneling x8  
  73  7:53  Baneling x2  
  73  7:57  Zergling x4  
  75  7:59  Zergling x2  
  75  8:02  Zergling x2  
  75  8:03  Zergling x2  
  73  8:14  Zergling x2  
  73  8:15  Zergling x8  
  73  8:17  Zergling x2  
  78  8:25  Zergling x8  
  82  8:29  Drone x2  
  80  8:42  Zergling x2  
  80  8:43  Zergling x10  
  86  9:00  Baneling x5  
  86  9:01  Baneling x8  
  86  9:02  Baneling  
  86  9:05  Baneling x2  
  36  9:25  Zergling x18  
  36  9:26  Zergling x2  
  45  9:31  Zergling x4  
  45  9:33  Zergling x2  
  47  9:39  Zergling x4  
  47  9:40  Zergling x2  
  50  9:47  Zergling x2  
  50  9:48  Zergling x4  
  53  9:53  Zergling x2  
  53  9:54  Zergling x4  
  53  9:56  Zergling x2  
  57  10:11  Zergling x14  
  64  10:16  Zergling x2  
  64  10:17  Zergling x2  
  64  10:20  Zergling x4  
  68  10:22  Zergling x2  
  68  10:33  Zergling x2  
  68  10:34  Zergling x8  
  68  10:47  Zergling x14  
  73  11:09  Lair  
  72  11:16  Spore Crawler x2  
  69  11:19  Spore Crawler  
  69  11:20  Spore Crawler  
  67  11:26  Spore Crawler x2  
  61  11:36  Zergling x2  
  61  11:37  Zergling x14  
  67  11:46  Drone x3  
  67  12:13  Spire  
  60  12:15  Extractor  
  60  12:16  Zergling x2  
  60  12:17  Drone x4, Extractor  
  58  12:43  Drone x7  
  58  12:44  Drone, Extractor  
  65  12:54  Drone x2  
  65  12:55  Drone x2  
  69  13:03  Drone x2  
  69  13:04  Drone  
  72  13:12  Drone x2  
  74  13:14  Drone  
  74  13:15  Drone  
  74  13:18  Drone  
  77  13:25  Mutalisk  
  79  13:27  Mutalisk  
  79  13:31  Mutalisk  
  83  13:34  Mutalisk  
  85  13:57  Mutalisk x5  
  85  13:58  Mutalisk  
  95  14:07  Mutalisk  
  95  14:09  Mutalisk  
  99  14:19  Extractor  
  99  14:22  Mutalisk, Extractor  
  98  14:54  Mutalisk x2  
  102  15:06  Mutalisk  
  104  15:23  Zergling x2  
  104  15:27  Overlord x2  
  104  15:28  Overlord x2  
  105  15:45  Overlord x3  
  105  15:57  Mutalisk x4  
  105  15:58  Mutalisk x3  
  105  16:00  Mutalisk  
  121  16:22  Mutalisk x3  
  127  16:49  Mutalisk  
  127  16:50  Mutalisk x2  
  133  17:08  Mutalisk x3  
  133  17:15  Mutalisk  
Show
View Real Time Build Order
Export as new Build Order

Kondr Terran 

Build Orders:  

Get SALT Encoding   

  12  0:01  SCV  
  13  0:13  SCV  
  14  0:20  Supply Depot  
  14  0:27  SCV  
  15  0:37  Refinery  
  15  0:43  Barracks  
  15  0:51  Supply Depot  
  15  0:55  SCV  
  16  1:07  Barracks  
  16  1:12  SCV  
  17  1:24  SCV  
  18  1:31  Marine  
  19  1:43  Orbital Command  
  19  1:52  Marine  
  20  2:07  Marine  
  21  2:13  SCV  
  21  2:14  Barracks  
  22  2:18  Barracks Tech Lab  
  22  2:24  Engineering Bay  
  22  2:25  SCV  
  23  2:30  Marine  
  23  2:36  Combat Shields  
  24  2:37  SCV  
  24  2:42  Marine  
  26  2:49  Barracks Reactor  
  26  2:56  SCV  
  27  3:02  Marine x2  
  29  3:10  Supply Depot  
  29  3:28  Barracks Reactor  
  29  3:30  Marine x2  
  29  3:31  Marine  
  32  3:35  Supply Depot  
  32  3:39  Supply Depot  
  32  3:41  SCV  
  33  3:48  Marine x2  
  35  3:49  Marine  
  35  3:53  SCV  
  37  4:02  Supply Depot  
  37  4:05  Marine  
  37  4:06  Marine x3  
  37  4:07  Marine  
  37  4:08  SCV  
  43  4:15  Terran Infantry Weapons Level 1  
  43  4:23  Marine x4  
  47  4:24  Marine  
  47  4:25  Bunker  
  48  4:41  Marine x4  
  48  4:42  Marine  
  53  4:59  Marine x4  
  57  5:00  Marine  
  40  5:17  Marine x4  
  40  5:18  Marine  
  45  5:33  Bunker  
  45  5:34  Marine  
  45  5:35  Marine x3  
  49  5:36  Marine  
  45  5:52  Marine x3  
  45  5:53  Marine x2  
  48  6:10  Marine  
  32  6:41  Marine x3  
  32  6:42  Marine x2  
  32  6:44  Terran Infantry Armor Level 1  
  37  6:59  SCV, Marine x4  
  42  7:02  Supply Depot  
  42  7:03  Supply Depot  
  42  7:05  Supply Depot  
  42  7:06  Refinery  
  42  7:11  SCV, Factory  
  42  7:13  Marine  
  44  7:17  Marine x4  
  48  7:31  Marine  
  48  7:34  Marine  
  48  7:35  Marine  
  51  7:56  Factory Tech Lab  
  51  8:21  Siege Tank  
  54  8:36  Starport x2  
  54  8:51  Armory  
  54  9:00  Command Center  
  54  9:22  Liberator  
  31  9:29  Siege Tank  
  26  9:36  Starport Tech Lab  
  26  10:14  Banshee  
  26  10:15  Liberator  
  9  11:14  Viking  
  9  11:15  Viking  
  13  12:22  Viking  
Tags
 
Add a new tag
Caveats
  • Supply blocks, unpowered buildings, or Contaminate may cause inaccurate times.
  • Supply counts are checked every 10 seconds.